 Dungeon Crawl Stone Soup version 0.21-a0-474-g05767a10c8 (webtiles) character file.

883 Kaname the Conjurer (level 7, -3/46 HPs)
             Began as a Demonspawn Wizard on Nov 22, 2017.
             Slain by a gnoll
             ... wielding a +0 spear
              (7 damage)
             ... on level 5 of the Dungeon.
             The game lasted 00:15:50 (5258 turns).

Kaname the Conjurer (Demonspawn Wizard)             Turns: 5258, Time: 00:15:50

Health: -3/46      AC:  3    Str:  7    XL:     7   Next: 76%
Magic:  10/12      EV:  6    Int: 22    God:
Gold:   27         SH:  0    Dex: 11    Spells: 2/12 levels left

rFire    . . .     SeeInvis .   m - +3 quarterstaff (chaos)
rCold    . . .     Gourm    .   (shield currently unavailable)
rNeg     . . .     Faith    .   a - +0 robe
rPois    .         Spirit   .   b - +0 hat
rElec    .         Reflect  .   w - +0 cloak
rCorr    .         Harm     .   (no gloves)
MR       .....                  (no boots)
Stlth    ++........             (no amulet)
HPRegen  0.15/turn              (no ring)
MPRegen  0.13/turn              h - ring of wizardry

@: held
A: talons 2, demonic guardian 1, spiny 1
a: no special abilities


You were on level 5 of the Dungeon.
You were hungry.

You visited 1 branch of the dungeon, and saw 5 of its levels.
You also visited: Sewer.

You collected 169 gold pieces.
You spent 142 gold pieces at shops.

Inventory:

Hand Weapons
 m - a +3 quarterstaff of chaos (weapon)
Armour
 a - a +0 robe (worn)
 b - a +0 hat (worn)
 w - a +0 cloak (worn)
Jewellery
 h - a ring of wizardry (right hand)
Scrolls
 p - a scroll of fear
 q - 2 scrolls of teleportation
 t - a scroll of amnesia
 u - a scroll of enchant weapon
Potions
 e - a potion of brilliance {unknown}
 f - 2 potions of lignification
 g - 3 potions of might {unknown}
 j - a potion of agility
 k - a potion of haste
 o - a potion of ambrosia
 r - a potion of heal wounds {unknown}
 s - 2 potions of flight {unknown}
 v - a potion of curing {unknown}
Books
 c - a book of Minor Magic

   Spells                             Type                      Level
   a - Magic Dart                     Conjuration                  1
   b - Blink                          Translocation                2
   c - Call Imp                       Summoning                    2
   d - Slow                           Hexes                        2
   e - Conjure Flame                  Conjuration/Fire             3
   f - Mephitic Cloud                 Conjuration/Poison/Air       3
 n - a book of Necromancy

   Spells                             Type                      Level
   a - Pain                           Necromancy                   1
   b - Animate Skeleton               Necromancy                   1
   c - Vampiric Draining              Necromancy                   3
   d - Regeneration                   Charms/Necromancy            3
   e - Animate Dead                   Necromancy                   4
   f - Control Undead                 Necromancy                   4
Comestibles
 d - a bread ration
 l - a meat ration


   Skills:
 - Level 1.7 Dodging
 - Level 1.7 Stealth
 - Level 3.4 Spellcasting
 - Level 6.1 Conjurations
   Level 1.0 Summonings
 * Level 5.2 Necromancy
 - Level 0.8 Translocations
 - Level 2.0 Air Magic
 - Level 2.1 Poison Magic


You had 2 spell levels left.
You knew the following spells:

 Your Spells              Type           Power        Failure   Level  Hunger
a - Magic Dart            Conj           ####         1%          1    None
b - Blink                 Tloc           N/A          5%          2    ##.....
c - Mephitic Cloud        Conj/Pois/Air  ###.....     3%          3    ###....
d - Animate Skeleton      Necr           N/A          1%          1    None
e - Vampiric Draining     Necr           ####......   1%          3    ###....


Dungeon Overview and Level Annotations

Branches:
Dungeon (5/15)
 Temple: D:4-7

Altars:
Hepliaklqana
Trog

Shops:
D:4 ?

Annotations:
D:4 2 transporters


Innate Abilities, Weirdness & Mutations

You have razor-sharp toenails.
A weak demonic guardian rushes to your aid.
You are partially covered in sharp spines.


Message History

The gnoll hits you from afar with a spear!
* * * LOW HITPOINT WARNING * * *
Casting: Magic Dart
Confirm with . or Enter, or press ? or * to list all spells.
Aiming: Magic Dart
Press: ? - help, Shift-Dir - straight line, f/p - gnoll
Aim: a gnoll, wielding a spear (moderately wounded)
The magic dart hits the gnoll.
The gnoll is severely wounded.
The gnoll hits you from afar with a spear!
* * * LOW HITPOINT WARNING * * *
Casting: Magic Dart
Confirm with . or Enter, or press ? or * to list all spells.
Aiming: Magic Dart
Press: ? - help, Shift-Dir - straight line, f/p - gnoll
Aim: a gnoll, wielding a spear (severely wounded)
The magic dart hits the gnoll.
The gnoll is almost dead.
The gnoll hits you from afar with a spear!
You die...

)#
#.###.)##.##.#,**,****
#.# .# #.#
#.g##.##.#.##,#######.#
.# #.#
##>.(........,#.......#
^# #.#
####.##.######.########
.# #.#
#.##.#.............) .#
#.#
#.##.#..#.#....##### ##
#.#
#.##.##.######.#,,,,
#.# #g##....†.# #.#,,,*
#.# #.†@5...#.# #.#**,*
#.###############.# #.#
*,* #.................#
#.# *,*
################### #.#
*,* #.# *,* #.#**,*
*,,,,,* *******


You could see a gnoll and a friendly white imp.

Vanquished Creatures
  Menkaure (D:5)
  An ogre (D:4)
  Blork the orc (D:5)
  3 orc wizards
  Crazy Yiuf (D:5)
  A bullfrog skeleton (D:4)
  2 hounds
  A centaur skeleton (D:4)
  A worker ant (D:4)
  3 gnolls (D:5)
  A howler monkey skeleton (D:4)
  8 adders
  2 river rats
  An ooze (D:4)
  5 worms
  4 dart slugs
  3 leopard geckos
  7 orcs
  8 giant cockroaches
  11 hobgoblins
  9 jackals
  2 quokkas
  10 bats
  4 frilled lizards
  6 goblins
  8 kobolds
  14 rats
118 creatures vanquished.

Vanquished Creatures (collateral kills)
  A big kobold (Sewer)
  A scorpion (D:4)
  A hound (D:4)
  2 orcs (D:3)
  A kobold (Sewer)
6 creatures vanquished.

Grand Total: 124 creatures vanquished

Notes
Turn   | Place    | Note
-------+----------+-------------------------------------------
     0 | D:1      | Kaname the Demonspawn Wizard began the quest for the Orb.
     0 | D:1      | Reached XP level 1. HP: 13/13 MP: 4/4
   180 | D:1      | Reached skill level 2 in Conjurations
   482 | D:1      | Gained mutation: You have sharp toenails. [demonic ancestry]
   482 | D:1      | Reached XP level 2. HP: 9/19 MP: 0/6
  1266 | D:2      | Reached skill level 3 in Conjurations
  1291 | D:2      | Reached XP level 3. HP: 21/24 MP: 0/7
  1363 | D:2      | Learned a level 2 spell: Blink
  1367 | D:2      | Learned a level 3 spell: Mephitic Cloud
  1746 | D:2      | Gained mutation: You are partially covered in sharp spines. [demonic ancestry]
  1746 | D:2      | Reached XP level 4. HP: 26/30 MP: 2/8
  1807 | D:2      | Reached skill level 4 in Conjurations
  1900 | D:2      | Reached skill level 1 in Poison Magic
  2200 | D:3      | Reached skill level 1 in Air Magic
  2200 | D:3      | Gained mutation: A weak demonic guardian rushes to your aid. [demonic ancestry]
  2200 | D:3      | Reached XP level 5. HP: 30/35 MP: 0/9
  2256 | D:3      | Found a hazy altar of Hepliaklqana.
  2635 | D:3      | Found a bloodstained altar of Trog.
  2904 | D:3      | Found a hazy altar of Hepliaklqana.
  2960 | D:3      | Found a bloodstained altar of Trog.
  3532 | D:4      | Reached skill level 5 in Conjurations
  3532 | D:4      | Reached XP level 6. HP: 40/41 MP: 2/10
  3582 | D:4      | Found Wiyqioda's Magic Scroll Shoppe.
  3694 | D:4      | Bought a scroll of random uselessness for 11 gold pieces
  3694 | D:4      | Bought a scroll of noise for 11 gold pieces
  3694 | D:4      | Bought a scroll of amnesia for 38 gold pieces
  3694 | D:4      | Bought a scroll of enchant weapon for 82 gold pieces
  3862 | D:4      | Reached skill level 6 in Conjurations
  3993 | D:4      | Found a transporter.
  4007 | D:4      | Found a transporter.
  4171 | D:4      | Learned a level 1 spell: Animate Skeleton
  4175 | D:4      | Learned a level 3 spell: Vampiric Draining
  4466 | D:5      | Entered Level 5 of the Dungeon
  4517 | D:5      | Gained mutation: You have razor-sharp toenails. [demonic ancestry]
  4517 | D:5      | Reached XP level 7. HP: 46/46 MP: 3/12
  4520 | D:5      | Found a glowing drain.
  4567 | Sewer    | Entered a sewer
  4578 | Sewer    | Reached skill level 1 in Necromancy
  4777 | Sewer    | Found a white marble altar of Elyvilon.
  4857 | D:5      | Found a runed door.
  4857 | D:5      | Noticed Menkaure
  4863 | D:5      | Killed Menkaure
  5018 | D:5      | Noticed Crazy Yiuf
  5030 | D:5      | Killed Crazy Yiuf
  5140 | D:5      | Noticed Blork the orc
  5150 | D:5      | Killed Blork the orc
  5224 | D:5      | Reached skill level 5 in Necromancy
  5258 | D:5      | Slain by a gnoll

Vault maps used:
D:1:      kilobyte_arrival_exit_the_forest
D:3:      marbit_many_paths, old_standard_altar
D:4:      gammafunk_wand_slinger, serial_shops, shop
D:5:      portal_sewer_entry_b, first_bread, dk_vineyard_3,
          uniq_crazy_yiuf_cottage, uniq_menkaure, uniq_blork_the_orc,
          uniq_duvessa
Sewer:    sewer_kobolds

Skill      XL: |  1  2  3  4  5  6  7 |
---------------+----------------------+-----
Conjurations   | 2 3 4 5 6 |  6.1
Poison Magic   | 2 |  2.1
Air Magic      | 1 2 |  2.0
Necromancy     | 5 |  5.2
Dodging        | |  1.7
Stealth        | |  1.7
Spellcasting   | |  3.4
Summonings     | |  1.0
Translocations | |  0.8

Action                   |  1- 3 |  4- 6 |  7- 9 || total
-------------------------+-------+-------+-------++-------
Melee: Spear             |    67 |   109 |    14 ||   190
       Kick              |     3 |    12 |     2 ||    17
       Quarterstaff      |       |       |     8 ||     8
 Cast: Magic Dart        |    70 |   119 |    52 ||   241
       Mephitic Cloud    |       |       |     1 ||     1
  Use: Scroll            |     4 |     7 |       ||    11
       Potion            |       |       |     1 ||     1
 Stab: Sleeping          |       |     5 |     1 ||     6
       Confused          |       |       |     2 ||     2
  Eat: Chunk             |     2 |     8 |     3 ||    13
Armor: Robe              |    19 |     7 |     3 ||    29
Dodge: Dodged            |    44 |    46 |     8 ||    98

Table legend:
 A = Spawn XP
 B = Non-spawn XP
 C = Spawn XP percentage of total XP
 D = Spawn monster count
 E = Non-spawn monster count
 F = Spawn count percentage of total count
 G = Total turns spent on level
                    A         B        C        D         E        F      G
               +---------+---------+-------+---------+---------+-------+---------
         Total |       0 |    1262 |   0.0 |       0 |     124 |   0.0 |  5258
               +---------+---------+-------+---------+---------+-------+---------
           D:1 |       0 |      37 |   0.0 |       0 |      22 |   0.0 |  1234
           D:2 |       0 |     102 |   0.0 |       0 |      27 |   0.0 |   841
           D:3 |       0 |     139 |   0.0 |       0 |      34 |   0.0 |  1101
           D:4 |       0 |     440 |   0.0 |       0 |      20 |   0.0 |  1290
           D:5 |       0 |     433 |   0.0 |       0 |      12 |   0.0 |   535
         Sewer |       0 |     111 |   0.0 |       0 |       9 |   0.0 |   257
               +---------+---------+-------+---------+---------+-------+---------
